[Event "Moscow-ch Women 2021"]
[Site "Moscow"]
[Date "2021.03.25"]
[Round "1.1"]
[White "Charochkina, Daria"]
[Black "Ivanova, Anastasia S."]
[Result "1-0"]
[ECO "A49"]
[WhiteElo "2337"]
[BlackElo "1830"]
[Annotator "RC"]
[PlyCount "68"]
[EventDate "2021.03.25"]
[EventType "swiss"]
[EventCountry "RUS"]
[SourceTitle "playchess.com"]
[Source "ChessBase"]
[SourceQuality "1"]
[TimeControl "5400+30"]

1. d4 Nf6 2. Nf3 g6 3. g3 Bg7 4. Bg2 d6 5. O-O O-O 6. a4 Nbd7 7. a5 Rb8 8. Nc3 c6 9. e4 b6 10. Re1 Ne8 11. e5 Nc7 12. Bf4 dxe5 13. Nxe5 Nxe5 14. Bxe5 Bxe5 15. Rxe5 bxa5 16. Rexa5 Rxb2 17. Bxc6 Bf5 18. Be4 Bxe4 19. Nxe4 a6 20. Qd3 Ne6 21. d5 f5 22. Nd2 Nc7 23. Nb3 Nb5 24. Rxa6 Qd7 25. Rb6 Nd6 26. Nc5 Qc7 27. Rc6 Qb8 28. Nd7 Rb1+ 29. Kg2 Qb2 30. Rxb1 Qxb1 31. Nxf8 Kxf8 32. Qc3 Kg8 33. Qe5 Qb7 34. c4 Qa7 1-0

[Event "Moscow-ch Women 2021"]
[Site "Moscow"]
[Date "2021.03.25"]
[Round "1.2"]
[White "Antonova, Nadezhda"]
[Black "Dimitrova, Aleksandra"]
[Result "1-0"]
[ECO "D05"]
[WhiteElo "1877"]
[BlackElo "2275"]
[Annotator "RC"]
[PlyCount "109"]
[EventDate "2021.03.25"]
[EventType "swiss"]
[EventCountry "RUS"]
[SourceTitle "playchess.com"]
[Source "ChessBase"]
[SourceQuality "1"]
[TimeControl "5400+30"]

1. d4 Nf6 2. Nf3 e6 3. Nbd2 d5 4. e3 c5 5. c3 Bd6 6. Bd3 Nbd7 7. O-O O-O 8. Re1 Qc7 9. Nf1 e5 10. dxe5 Nxe5 11. Nxe5 Bxe5 12. c4 dxc4 13. Bxc4 b6 14. Qc2 Bb7 15. f3 Nd5 16. Bd2 Rad8 17. Rad1 a6 18. a3 Ne7 19. Ba2 b5 20. Rc1 c4 21. b3 c3 22. Bxc3 Rc8 23. Bb1 g6 24. Bxe5 Qxe5 25. Qd2 Nd5 26. Be4 f5 27. Bxd5+ Bxd5 28. Rxc8 Rxc8 29. Rc1 Rxc1 30. Qxc1 Bxb3 31. Qc8+ Kg7 32. Qxa6 Qc5 33. Qa5 Qc1 34. Qd2 Qxa3 35. Qd7+ Kg8 36. Qxb5 Qa2 37. Qe8+ Kg7 38. Qd7+ Kg8 39. Qd2 Qb1 40. Kf2 Bf7 41. Ng3 Qb6 42. Ne2 Qc7 43. g3 Bc4 44. Qc3 Qf7 45. Nf4 Ba6 46. Qb2 Bc4 47. Qd2 Kg7 48. h4 h6 49. Ng2 Bd5 50. Ne1 Qb7 51. Qc3+ Kh7 52. Qc2 h5 53. Qe2 Qb4 54. Nc2 Bc4 55. Nxb4 1-0

[Event "Moscow-ch Women 2021"]
[Site "Moscow"]
[Date "2021.03.25"]
[Round "1.3"]
[White "Paramzina, Anastasya"]
[Black "Cherepanova, Evita"]
[Result "1/2-1/2"]
[ECO "C00"]
[WhiteElo "2252"]
[BlackElo "1621"]
[Annotator "RC"]
[PlyCount "182"]
[EventDate "2021.03.25"]
[EventType "swiss"]
[EventCountry "RUS"]
[SourceTitle "playchess.com"]
[Source "ChessBase"]
[SourceQuality "1"]
[TimeControl "5400+30"]

1. e4 e6 2. d3 d5 3. Nd2 c5 4. Ngf3 Nf6 5. g3 Nc6 6. Bg2 Be7 7. O-O O-O 8. Re1 b5 9. a4 b4 10. h4 Nd7 11. exd5 exd5 12. Nf1 a5 13. Ne3 Nb6 14. Ng5 Nd4 15. Nh3 Ne6 16. f4 Bf6 17. f5 Nd4 18. Rf1 Ra7 19. c3 bxc3 20. bxc3 Nc6 21. Bd2 Ne5 22. Nf4 d4 23. Ned5 Nxd5 24. Nxd5 Nxd3 25. Nxf6+ Qxf6 26. Bg5 Qa6 27. f6 Bb7 28. fxg7 Re8 29. cxd4 Bxg2 30. Kxg2 cxd4 31. Rb1 Qc6+ 32. Kg1 Ne5 33. Bf6 d3 34. Bxe5 Qc5+ 35. Rf2 Qxe5 36. Qxd3 Rc7 37. Rb5 Qe1+ 38. Rf1 Qe3+ 39. Qxe3 Rxe3 40. Rg5 f6 41. Rxf6 Rxg7 42. Kg2 Rxg5 43. hxg5 Re4 44. Rf4 Re5 45. Rg4 Kg7 46. Kh3 h5 47. gxh6+ Kxh6 48. Rc4 Kg5 49. Rc8 Rd5 50. Rg8+ Kh6 51. Kh4 Rd4+ 52. Rg4 Rd5 53. Rc4 Re5 54. g4 Kg6 55. Rc6+ Kg7 56. Ra6 Kf8 57. Rf6+ Kg7 58. Rf4 Kg6 59. Rc4 Rd5 60. Re4 Rc5 61. Rd4 Re5 62. g5 Re1 63. Rd6+ Kg7 64. Kh5 Rh1+ 65. Kg4 Rg1+ 66. Kh5 Rh1+ 67. Kg4 Rg1+ 68. Kf5 Rf1+ 69. Ke4 Ra1 70. Rd5 Rxa4+ 71. Kf5 Ra1 72. Rd7+ Kf8 73. Ra7 a4 74. Kf6 Rf1+ 75. Kg6 Ra1 76. Kf6 Rf1+ 77. Kg6 Ra1 78. Ra8+ Ke7 79. Kh7 a3 80. g6 Rh1+ 81. Kg8 Ra1 82. Ra7+ Ke6 83. g7 a2 84. Kf8 Rf1+ 85. Ke8 Rg1 86. Ra6+ Ke5 87. Ra5+ Ke6 88. Ra6+ Ke5 89. Ra5+ Ke6 90. Ra6+ Ke5 91. Ra5+ Ke6 1/2-1/2

[Event "Moscow-ch Women 2021"]
[Site "Moscow"]
[Date "2021.03.26"]
[Round "2.1"]
[White "Danilova, Rada"]
[Black "Charochkina, Daria"]
[Result "0-1"]
[ECO "E30"]
[WhiteElo "2048"]
[BlackElo "2337"]
[Annotator "ChessBase"]
[PlyCount "78"]
[EventDate "2021.03.25"]
[EventType "swiss"]
[EventCountry "RUS"]
[SourceTitle "playchess.com"]
[Source "ChessBase"]
[SourceQuality "1"]
[TimeControl "5400+30"]

1. d4 Nf6 2. Nf3 e6 3. c4 Nc6 4. Nc3 Bb4 5. Bg5 h6 6. Bxf6 Qxf6 7. e4 Bxc3+ 8. bxc3 d6 9. g3 O-O 10. Bg2 e5 11. d5 Nb8 12. Nd2 a5 13. O-O Na6 14. Nb3 b6 15. f4 a4 16. fxe5 Qxe5 17. Nd4 Nc5 18. Qe2 Bd7 19. Rae1 Rae8 20. Qd2 Qg5 21. Qc2 g6 22. Nf3 Qf6 23. Nd4 Qg7 24. Qd2 Re7 25. Re3 Rfe8 26. Rfe1 Re5 27. Qf2 f5 28. Qc2 fxe4 29. Rf1 Rf8 30. Rfe1 Nd3 31. R1e2 Bg4 32. Rd2 Qf6 33. h3 Qg5 34. Rxe4 Rxe4 35. Bxe4 Qe3+ 36. Kh2 Ne1 37. Qc1 Qxe4 38. Re2 Bxe2 39. Qxe1 Rf1 0-1

[Event "Moscow-ch Women 2021"]
[Site "Moscow"]
[Date "2021.03.26"]
[Round "2.2"]
[White "Diakonova, Ekaterina"]
[Black "Shvedova, Alexandra"]
[Result "1/2-1/2"]
[ECO "C66"]
[WhiteElo "2156"]
[BlackElo "1997"]
[Annotator "NA"]
[PlyCount "82"]
[EventDate "2021.03.25"]
[EventType "swiss"]
[EventCountry "RUS"]
[SourceTitle "playchess.com"]
[Source "ChessBase"]
[SourceQuality "1"]
[TimeControl "5400+30"]

1. e4 e5 2. Nf3 Nc6 3. Bb5 Nf6 4. d3 d6 5. c3 g6 6. O-O Bg7 7. Nbd2 O-O 8. Re1 Re8 {[%emt 0:00:19] now scores much better than the old 8...a6.} 9. Nf1 a6 10. Ba4 b5 11. Bc2 d5 12. a4 {[%emt 0:02:28] [#]} Be6 $146 ({Predecessor:} 12... Rb8 13. Ng3 d4 14. cxd4 Nxd4 15. Nxd4 Qxd4 16. Be3 Qxb2 17. Qd2 bxa4 18. Reb1 a3 19. Rxb2 axb2 20. Rb1 Bf8 21. Ba4 {1-0 (21) Chandika,D (2160)-Babu,N (2296) Chennai 2012}) 13. axb5 axb5 14. Rxa8 Qxa8 15. exd5 Nxd5 16. Ng5 Qd8 17. Nxe6 Rxe6 18. Bb3 Rd6 19. Qf3 Nf6 20. Be3 Qd7 21. Bc2 Nd5 22. Bc5 Rf6 $14 23. Qe4 Nf4 24. d4 Ne6 25. dxe5 Nxc5 26. Qe3 Re6 27. Qxc5 Rxe5 28. Rxe5 Nxe5 29. Be4 h5 30. h3 f5 31. Bd5+ Kh7 32. f4 Nd3 33. Qc6 Qe7 34. Qxb5 Qe2 35. Ng3 Qf2+ 36. Kh2 Nxf4 37. Bf3 Qc2 38. Ne2 Nd3 39. Nd4 Qd2 40. Qd7 Kh6 41. Nc6 Qf4+ 1/2-1/2

[Event "Moscow-ch Women 2021"]
[Site "Moscow"]
[Date "2021.03.26"]
[Round "2.3"]
[White "Ilyina, Lada"]
[Black "Zherebtsova, Alexandra"]
[Result "0-1"]
[ECO "C55"]
[WhiteElo "1959"]
[BlackElo "2177"]
[Annotator "ChessBase"]
[PlyCount "74"]
[EventDate "2021.03.25"]
[EventType "swiss"]
[EventCountry "RUS"]
[SourceTitle "playchess.com"]
[Source "ChessBase"]
[SourceQuality "1"]
[TimeControl "5400+30"]

1. e4 e5 2. Nf3 Nc6 3. Bc4 Nf6 4. d3 h6 5. c3 d6 6. Nbd2 Qe7 7. Nf1 g6 8. Ne3 Bg7 9. b4 Nd8 10. Bb2 Ne6 11. g3 c6 12. a4 O-O 13. a5 Nc7 14. Bb3 d5 15. Bc2 Ng4 16. O-O Be6 17. Nd2 f5 18. Nxg4 fxg4 19. c4 d4 20. Ba4 Rf7 21. Ba3 Qg5 22. b5 cxb5 23. cxb5 Bf8 24. Bxf8 Raxf8 25. b6 axb6 26. axb6 Ne8 27. Nb3 Kg7 28. Nc5 Bc8 29. Bb3 Rf6 30. Ra8 Nd6 31. Bd5 Nb5 32. Rxc8 Rxc8 33. Qa4 Rxc5 34. Qa8 Rxd5 35. Qxb7+ Rf7 36. Qxd5 Nc3 37. Qc6 Qf6 0-1

[Event "Moscow-ch Women 2021"]
[Site "Moscow"]
[Date "2021.03.26"]
[Round "2.4"]
[White "Kanevskaya, Anna"]
[Black "Zvereva, Margarita"]
[Result "0-1"]
[ECO "D63"]
[WhiteElo "2130"]
[BlackElo "1951"]
[Annotator "ChessBase"]
[PlyCount "76"]
[EventDate "2021.03.25"]
[EventType "swiss"]
[EventCountry "RUS"]
[SourceTitle "playchess.com"]
[Source "ChessBase"]
[SourceQuality "1"]
[TimeControl "5400+30"]

1. d4 d5 2. c4 e6 3. Nf3 Nf6 4. Nc3 Nbd7 5. Bg5 Be7 6. e3 O-O 7. Rc1 h6 8. Bh4 dxc4 9. Bxc4 a6 10. a4 c5 11. O-O b6 12. Qe2 Bb7 13. Bd3 Nh5 14. Bxe7 Qxe7 15. Bb1 Nhf6 16. Ne5 cxd4 17. exd4 Rac8 18. Rfd1 Rfd8 19. Rc2 Nb8 20. Rcd2 a5 21. Bd3 Nc6 22. Bb5 Nb4 23. Nc4 Nbd5 24. Nxd5 Nxd5 25. Qg4 Rc7 26. Qg3 Bc6 27. Bxc6 Rxc6 28. Ne5 Rc7 29. Ng4 Kh8 30. Ne3 Rc6 31. Ng4 Rdc8 32. Ne5 Rc1 33. Qf3 Kg8 34. h3 Rxd1+ 35. Rxd1 Rc2 36. Qb3 Qc7 37. Qb5 Qc8 38. Qd3 Rxb2 0-1

[Event "Moscow-ch Women 2021"]
[Site "Moscow"]
[Date "2021.03.26"]
[Round "2.5"]
[White "Kunikova, Polina S"]
[Black "Gorovenko, Darya"]
[Result "0-1"]
[ECO "B22"]
[WhiteElo "1028"]
[BlackElo "2106"]
[Annotator "NA"]
[PlyCount "52"]
[EventDate "2021.03.25"]
[EventType "swiss"]
[EventCountry "RUS"]
[SourceTitle "playchess.com"]
[Source "ChessBase"]
[SourceQuality "1"]
[TimeControl "5400+30"]

1. e4 c5 2. c3 d5 3. exd5 Qd7 4. d6 Qxd6 5. d3 Qd5 6. d4 e5 7. Be3 cxd4 8. cxd4 Nc6 9. Nc3 Bb4 10. Qd2 Bxc3 11. bxc3 exd4 12. cxd4 Nf6 13. Ne2 Ne4 14. Nf4 Qd8 15. Qc2 Bf5 16. Bd3 Qa5+ 17. Kf1 Nb4 18. Qc4 Nxd3 19. Nxd3 O-O 20. Qb4 Qa6 21. Ke2 Rac8 22. Rad1 Nc3+ 23. Ke1 Nxd1 24. Kxd1 Qxd3+ 25. Bd2 Rc1+ 26. Kxc1 Qc2# 0-1

[Event "Moscow-ch Women 2021"]
[Site "Moscow"]
[Date "2021.03.26"]
[Round "2.6"]
[White "Cherepanova, Evita"]
[Black "Antonova, Nadezhda"]
[Result "1/2-1/2"]
[ECO "B94"]
[WhiteElo "1621"]
[BlackElo "1877"]
[Annotator "NA"]
[PlyCount "104"]
[EventDate "2021.03.25"]
[EventType "swiss"]
[EventCountry "RUS"]
[SourceTitle "playchess.com"]
[Source "ChessBase"]
[SourceQuality "1"]
[TimeControl "5400+30"]

1. e4 c5 2. Nf3 d6 3. d4 cxd4 4. Nxd4 Nf6 5. Nc3 a6 6. Bg5 Nbd7 7. Qe2 e6 8. O-O-O Be7 9. f4 Qc7 10. Kb1 O-O 11. g4 b5 12. Bg2 Bb7 13. e5 Bxg2 14. exf6 gxf6 15. Qxg2 fxg5 16. f5 Nc5 17. h4 b4 18. hxg5 Bxg5 19. Ne4 Nxe4 20. Qxe4 d5 21. Qd3 ({Don't go for} 21. Nxe6 $2 fxe6 22. Qxe6+ Qf7 $19) 21... Rfe8 $18 (21... Qf4 $142 22. fxe6 Qe4) 22. Rxh7 Kxh7 23. Nf3 Qf4 24. fxe6+ Kg7 25. Nxg5 Qxg5 26. exf7 Re3 27. Qd4+ Qe5 28. Qxb4 Rb8 29. f8=Q+ Rxf8 30. Qb7+ Rf7 31. Qxa6 Re1 32. Qd3 Qe3 33. Qxd5 Rff1 34. Qb7+ Rf7 35. Qd5 Rxd1+ 36. Qxd1 Qh3 37. Qd4+ Kg6 38. Qd3+ Qxd3 39. cxd3 Rf2 40. a3 Kf6 41. Ka2 Ke5 42. Kb3 Kd4 43. a4 Kxd3 44. a5 Rf4 45. g5 Rg4 46. a6 Rxg5 47. Kb4 Rg4+ 48. Kb5 Rg2 49. a7 Rxb2+ 50. Kc6 Ra2 51. Kb7 Rb2+ 52. Kc7 Rf2 1/2-1/2

[Event "Moscow-ch Women 2021"]
[Site "Moscow"]
[Date "2021.03.26"]
[Round "2.7"]
[White "Dimitrova, Aleksandra"]
[Black "Paramzina, Anastasya"]
[Result "1/2-1/2"]
[ECO "B90"]
[WhiteElo "2275"]
[BlackElo "2252"]
[Annotator "ChessBase"]
[PlyCount "81"]
[EventDate "2021.03.25"]
[EventType "swiss"]
[EventCountry "RUS"]
[SourceTitle "playchess.com"]
[Source "ChessBase"]
[SourceQuality "1"]
[TimeControl "5400+30"]

1. e4 c5 2. Nf3 d6 3. d4 cxd4 4. Nxd4 Nf6 5. Nc3 a6 6. Nb3 e6 7. g4 b5 8. Bg2 Bb7 9. g5 Nfd7 10. O-O b4 11. Ne2 Be7 12. f4 Nc6 13. Ng3 g6 14. Be3 e5 15. f5 Bxg5 16. Bxg5 Qxg5 17. Qxd6 Qe7 18. Qxe7+ Kxe7 19. a3 a5 20. axb4 axb4 21. Rfd1 Rxa1 22. Rxa1 Ra8 23. Rxa8 Bxa8 24. Kf2 Kd6 25. Nf1 Nb6 26. Ne3 Nd4 27. Nd2 Kc5 28. c3 bxc3 29. bxc3 Nc6 30. Nd5 Nxd5 31. exd5 Nd8 32. fxg6 fxg6 33. c4 Kd4 34. Nf3+ Kxc4 35. Nxe5+ Kc5 36. Nd7+ Kd6 37. Nf8 Bxd5 38. Bxd5 Kxd5 39. Nxh7 Ke5 40. Ng5 Ne6 41. Nxe6 1/2-1/2

[Event "Moscow-ch Women 2021"]
[Site "Moscow"]
[Date "2021.03.26"]
[Round "2.8"]
[White "Ivanova, Anastasia S."]
[Black "Barkasheva, Sofia"]
[Result "1-0"]
[ECO "E95"]
[WhiteElo "1830"]
[BlackElo "1634"]
[Annotator "NA"]
[PlyCount "63"]
[EventDate "2021.03.25"]
[EventType "swiss"]
[EventCountry "RUS"]
[SourceTitle "playchess.com"]
[Source "ChessBase"]
[SourceQuality "1"]
[TimeControl "5400+30"]

1. d4 Nf6 2. c4 g6 3. Nc3 Bg7 4. e4 d6 5. Nf3 O-O 6. Be2 Nbd7 7. O-O e5 8. Re1 c6 {[%emt 0:04:23] 8...Re8 deserves study.} 9. Bf1 Nh5 10. Be3 {[%emt 0:02:54] [#]} exd4 $146 ({Predecessor:} 10... Qe8 11. Qc2 f5 12. Rad1 f4 13. Bc1 exd4 14. Nxd4 Ne5 15. f3 Qe7 16. b3 Bf6 17. Rd2 {0-1 (28) Primel,D (1946)-Eugene,F (2226) Angers 2016}) 11. Nxd4 Ne5 12. f3 Be6 13. b3 Qe7 14. Qd2 Qc7 15. Rad1 Rad8 16. Bg5 Bf6 17. Bxf6 Nxf6 18. Qg5 Kg7 19. f4 Neg4 20. e5 dxe5 21. fxe5 Kg8 22. c5 Bc8 $18 23. Bc4 Nd5 24. Ne4 h6 25. Qh4 Kg7 26. Nd6 Nge3 27. Rd3 Nxc4 28. bxc4 g5 29. N4f5+ Bxf5 30. Nxf5+ Kg6 31. Qxh6+ Kxf5 32. g4+ 1-0

[Event "Moscow-ch Women 2021"]
[Site "Moscow"]
[Date "2021.03.26"]
[Round "2.9"]
[White "Lyutsinger, Iren"]
[Black "Korovina, Yana"]
[Result "1-0"]
[ECO "B25"]
[WhiteElo "1464"]
[BlackElo "1531"]
[Annotator "NA"]
[PlyCount "65"]
[EventDate "2021.03.25"]
[EventType "swiss"]
[EventCountry "RUS"]
[SourceTitle "playchess.com"]
[Source "ChessBase"]
[SourceQuality "1"]
[TimeControl "5400+30"]

1. e4 c5 2. Nc3 e5 3. g3 Nc6 4. Bg2 g6 5. d3 Bg7 6. f4 d6 7. Nf3 Nge7 8. O-O O-O 9. Be3 Nd4 10. Rb1 a5 11. Ne2 Nec6 12. c3 Nxf3+ 13. Bxf3 f5 14. fxe5 Nxe5 15. Nf4 fxe4 16. Bxe4 Ng4 17. Bf2 Nxf2 18. Rxf2 Rb8 19. Qb3+ Kh8 20. Bxg6 hxg6 21. Nxg6+ Kh7 22. Nxf8+ Bxf8 23. Qf7+ Bg7 24. Rf4 Bh3 25. Re1 Qg5 26. Re7 Rg8 27. Rh4+ Qxh4 28. gxh4 Bg4 29. h5 b5 30. Qg6+ Kh8 31. Re8 Rxe8 32. Qxe8+ Kh7 33. Qg6+ 1-0

[Event "Moscow-ch Women 2021"]
[Site "Moscow"]
[Date "2021.03.26"]
[Round "2.10"]
[White "Kuznetsova, Veronika"]
[Black "Gerasimova, Maria V."]
[Result "1-0"]
[ECO "B13"]
[WhiteElo "1343"]
[BlackElo "1166"]
[Annotator "NA"]
[PlyCount "113"]
[EventDate "2021.03.25"]
[EventType "swiss"]
[EventCountry "RUS"]
[SourceTitle "playchess.com"]
[Source "ChessBase"]
[SourceQuality "1"]
[TimeControl "5400+30"]

1. e4 c6 2. d4 d5 3. exd5 cxd5 4. Bd3 Nc6 5. c3 Qc7 6. h3 e6 7. Nf3 Bd6 8. O-O Nge7 9. Be3 f6 10. Bc2 Bd7 11. Nbd2 O-O 12. Re1 e5 13. dxe5 fxe5 14. Bb3 Kh8 15. Nf1 e4 16. Nd4 Ne5 17. Ba4 Bxa4 18. Qxa4 Nd3 19. Ne6 Qc6 20. Qxc6 bxc6 21. Nxf8 Nxe1 22. Rxe1 Rxf8 23. Bc1 Bc5 24. Be3 Bxe3 25. Nxe3 Ng6 26. Nc2 Nf4 27. Ne3 Nd3 28. Re2 Rb8 29. b3 Rb6 30. Rd2 Ra6 31. f3 h6 32. c4 d4 33. fxe4 Nc1 34. Nf5 c5 35. e5 g6 36. Nxh6 Nxa2 37. Ng4 Nc1 38. Rb2 Rb6 39. Rb1 Nxb3 40. e6 Kg7 41. Re1 Kf8 42. Nf6 Rb7 43. Nd5 Rb8 44. e7+ Kf7 45. Nc7 d3 46. e8=Q+ Rxe8 47. Nxe8 d2 48. Nd6+ Kf6 49. Ne4+ Kf5 50. Nxd2 Nxd2 51. Kf2 a5 52. Ke2 Nb3 53. Kd3 a4 54. Kc3 Kf4 55. Re2 g5 56. Ra2 Kg3 57. Rxa4 1-0

[Event "Moscow-ch Women 2021"]
[Site "Moscow"]
[Date "2021.03.27"]
[Round "3.1"]
[White "Charochkina, Daria"]
[Black "Gorovenko, Darya"]
[Result "1-0"]
[ECO "B31"]
[WhiteElo "2337"]
[BlackElo "2106"]
[Annotator "NA"]
[PlyCount "67"]
[EventDate "2021.03.25"]
[EventType "swiss"]
[EventCountry "RUS"]
[SourceTitle "playchess.com"]
[Source "ChessBase"]
[SourceQuality "1"]
[TimeControl "5400+30"]

1. e4 c5 2. Na3 d6 3. c3 Nf6 4. g3 Nc6 5. Bg2 e5 6. Ne2 Be7 7. O-O O-O 8. d4 a6 9. d5 Na7 $14 10. Nc2 c4 11. Ne3 b5 12. h3 Qb6 13. Kh2 h5 14. f4 a5 15. f5 Ba6 16. b4 axb4 17. cxb4 Nc8 18. Nc3 Qd4 19. Bd2 Rb8 20. Nc2 Qa7 21. Bf3 g6 22. g4 hxg4 23. Bxg4 Kg7 24. Be3 Qc7 25. Rg1 Bd8 26. Qf3 Ne7 27. Bg5 Neg8 28. Bxf6+ Bxf6 29. fxg6 fxg6 30. Bf5 Ne7 31. Qh5 Nxf5 32. Rxg6+ Kf7 33. Rg7+ Kxg7 34. Rg1+ 1-0

[Event "Moscow-ch Women 2021"]
[Site "Moscow"]
[Date "2021.03.27"]
[Round "3.2"]
[White "Zherebtsova, Alexandra"]
[Black "Zvereva, Margarita"]
[Result "1/2-1/2"]
[ECO "E06"]
[WhiteElo "2177"]
[BlackElo "1951"]
[Annotator "NA"]
[PlyCount "186"]
[EventDate "2021.03.25"]
[EventType "swiss"]
[EventCountry "RUS"]
[SourceTitle "playchess.com"]
[Source "ChessBase"]
[SourceQuality "1"]
[TimeControl "5400+30"]

1. d4 d5 2. Nf3 Nf6 3. g3 e6 4. Bg2 Be7 5. O-O O-O 6. c4 c6 7. Nc3 b6 8. Qd3 Ba6 9. b3 Nbd7 10. Rd1 Qc7 11. e4 dxc4 12. Qc2 cxb3 $11 13. axb3 Qc8 14. Ba3 Bxa3 15. Rxa3 Bb7 16. e5 Nd5 17. Ng5 g6 18. Nce4 Qd8 19. Qd2 c5 20. Nd6 Bc6 21. h4 Qe7 22. Nge4 f6 23. exf6 N7xf6 24. dxc5 Nxe4 25. Nxe4 bxc5 26. Qg5 Qg7 27. Qg4 Rae8 28. Ra6 Nb4 29. Ra5 Bxe4 30. Qxe4 Nd5 31. Qc2 Qc3 32. Rxc5 Qxc2 33. Rxc2 Rb8 34. Bxd5 exd5 35. Rxd5 Rxb3 36. Rd7 Rf7 37. Rxf7 Kxf7 38. Rc7+ Kg8 39. Rxa7 Rb5 40. Kg2 Rf5 41. g4 Rb5 42. Kg3 h5 43. g5 Rf5 44. Re7 Ra5 45. Re4 Kg7 46. Rf4 Ra3+ 47. f3 Ra2 48. Re4 Ra3 49. Kf4 Ra5 50. Re7+ Kf8 51. Re6 Kf7 52. Re5 Ra4+ 53. Re4 Ra5 54. Rb4 Kg7 55. Rd4 Kf7 56. Ke4 Ke6 57. Rb4 Kf7 58. Rb7+ Kf8 59. Rd7 Ra4+ 60. Rd4 Ra5 61. f4 Ke7 62. Rc4 Rb5 63. Rc7+ Kf8 64. Rd7 Rb4+ 65. Rd4 Rb5 66. Rd5 Rb4+ 67. Ke5 Kf7 68. Rd7+ Kg8 69. f5 gxf5 70. Kf6 Rb6+ 71. Kxf5 Ra6 72. g6 Ra5+ 73. Kf6 Ra6+ 74. Kg5 Ra5+ 75. Kh6 Ra8 76. Kxh5 Ra5+ 77. Kh6 Ra8 78. h5 Rb8 79. Re7 Ra8 80. Kg5 Rf8 81. h6 Ra8 82. Kf6 Ra6+ 83. Re6 Ra8 84. g7 Kh7 85. Re7 Kxh6 86. Kf7 Kh7 87. Rb7 Rg8 88. Kf6 Ra8 89. Rb3 Ra6+ 90. Kf7 Ra7+ 91. Kf8 Ra8+ 92. Kf7 Ra7+ 93. Kf8 Ra8+ 1/2-1/2

[Event "Moscow-ch Women 2021"]
[Site "Moscow"]
[Date "2021.03.27"]
[Round "3.3"]
[White "Antonova, Nadezhda"]
[Black "Diakonova, Ekaterina"]
[Result "0-1"]
[ECO "D45"]
[WhiteElo "1877"]
[BlackElo "2156"]
[Annotator "NA"]
[PlyCount "120"]
[EventDate "2021.03.25"]
[EventType "swiss"]
[EventCountry "RUS"]
[SourceTitle "playchess.com"]
[Source "ChessBase"]
[SourceQuality "1"]
[TimeControl "5400+30"]

1. c4 c6 2. Nf3 d5 3. e3 Nf6 4. Nc3 e6 5. b3 Bd6 6. Bb2 O-O 7. Qc2 Nbd7 8. d4 b6 9. Bd3 Bb7 10. O-O h6 11. Rad1 Qc7 12. Rfe1 Rac8 13. h3 e5 14. dxe5 Nxe5 15. Nxe5 Bxe5 16. Bf5 Rcd8 17. cxd5 cxd5 $11 18. Na4 Qxc2 19. Bxc2 Bxb2 20. Nxb2 Rc8 21. Bf5 Rc5 22. Na4 Ra5 23. Rc1 d4 24. Bb1 dxe3 25. Rxe3 Nd5 26. Ree1 Nf4 27. Be4 Bxe4 28. Rxe4 Ne6 29. Re2 Rd8 30. g3 Rad5 31. Kg2 Rd2 32. Rc2 Rd1 33. Nb2 Ra1 34. Nc4 Rdd1 35. h4 Rg1+ 36. Kh3 Rh1+ 37. Kg4 f5+ 38. Kxf5 Nd4+ 39. Kg6 Nxe2 40. Ne3 Nf4+ 41. gxf4 Rhg1+ 42. Kf5 Kh7 43. Ke4 Rh1 44. Nf5 Rae1+ 45. Kf3 Rc1 46. Rd2 Rhd1 47. Re2 Re1 48. Rd2 Red1 49. Re2 Rc3+ 50. Kg4 h5+ 51. Kg5 Rc5 52. Re5 Rdd5 53. Ne3 Rxe5+ 54. fxe5 Rxe5+ 55. Kf4 Ra5 56. a4 b5 57. axb5 Rxb5 58. Ke4 Rxb3 59. f4 Rxe3+ 60. Kxe3 Kg6 0-1

[Event "Moscow-ch Women 2021"]
[Site "Moscow"]
[Date "2021.03.27"]
[Round "3.4"]
[White "Shvedova, Alexandra"]
[Black "Kanevskaya, Anna"]
[Result "1/2-1/2"]
[ECO "C54"]
[WhiteElo "1997"]
[BlackElo "2130"]
[Annotator "NA"]
[PlyCount "118"]
[EventDate "2021.03.25"]
[EventType "swiss"]
[EventCountry "RUS"]
[SourceTitle "playchess.com"]
[Source "ChessBase"]
[SourceQuality "1"]
[TimeControl "5400+30"]

1. e4 e5 2. Nf3 Nc6 3. Bc4 Bc5 4. c3 Nf6 5. d4 exd4 6. e5 d5 7. Bb5 Ne4 8. cxd4 Bb4+ 9. Bd2 Nxd2 10. Nbxd2 O-O 11. O-O Ne7 12. Bd3 Nf5 13. Qc2 g6 14. Nb3 Be7 15. Rfe1 a5 16. a3 Ng7 17. Rac1 c6 18. Re3 Ne6 19. g3 a4 20. Nc5 Nxc5 21. dxc5 Ra5 22. Ree1 Bxc5 23. Qd2 Be7 24. Qh6 Bg4 25. Qf4 Be6 26. h4 Kg7 27. Nd4 c5 28. Nxe6+ fxe6 29. Qg4 c4 30. Bb1 Bc5 31. Re2 Ra6 32. h5 g5 33. Kg2 Kh8 34. h6 Rc6 35. f4 Rg8 36. Rf1 Be7 37. fxg5 Rxg5 38. Qf4 Qg8 39. Re3 Rc7 40. Ref3 Qd8 41. Qf7 Bc5 42. Qxe6 Rc6 43. Qf7 Rxh6 44. Rh1 Rxh1 45. Kxh1 Rg7 46. Qe6 Qd7 47. Bf5 Qxe6 48. Bxe6 Re7 49. Bxd5 Rxe5 50. Bxc4 Re1+ 51. Rf1 Rxf1+ 52. Bxf1 Bd4 53. Bb5 Bxb2 54. Bxa4 Bxa3 55. Kg2 Kg7 56. Kh3 Kg6 57. Kg4 Kf6 58. Bb5 h6 59. Ba4 Ke5 1/2-1/2

[Event "Moscow-ch Women 2021"]
[Site "Moscow"]
[Date "2021.03.27"]
[Round "3.5"]
[White "Paramzina, Anastasya"]
[Black "Kuznetsova, Veronika"]
[Result "1-0"]
[ECO "C44"]
[WhiteElo "2252"]
[BlackElo "1343"]
[Annotator "NA"]
[PlyCount "93"]
[EventDate "2021.03.25"]
[EventType "swiss"]
[EventCountry "RUS"]
[SourceTitle "playchess.com"]
[Source "ChessBase"]
[SourceQuality "1"]
[TimeControl "5400+30"]

1. e4 e5 2. Nf3 Nf6 3. d3 Nc6 4. Be2 Be7 5. O-O O-O 6. Re1 d5 7. exd5 Nxd5 8. Bf1 Bd6 9. h3 h6 10. Nbd2 Bf5 11. Nc4 Re8 12. Nxd6 Qxd6 13. a4 Rad8 14. Ra3 Nf6 15. Nd2 Be6 16. a5 $15 Qc5 17. c3 a6 18. b4 Qd6 19. Nb3 Bxb3 20. Qxb3 Qe6 21. Qb1 Qd5 22. Be3 Ra8 23. Qa1 Na7 24. c4 Qd6 25. Bc5 Qe6 26. d4 e4 27. d5 Qd7 28. Bd4 Qd6 29. Rae3 c6 30. Bxf6 Qxf6 31. Qxf6 gxf6 32. Rxe4 Rxe4 33. Rxe4 Kf8 34. d6 c5 35. Re7 Rb8 36. bxc5 Nc6 37. Rc7 Nxa5 38. Be2 Nb3 39. Bd1 Na5 40. Bh5 Nxc4 41. Rxf7+ Kg8 42. Rxf6 Kg7 43. Rf7+ Kg8 44. Rc7 Ne5 45. f4 Nc6 46. d7 Na7 47. Rxb7 1-0

[Event "Moscow-ch Women 2021"]
[Site "Moscow"]
[Date "2021.03.27"]
[Round "3.6"]
[White "Cherepanova, Evita"]
[Black "Danilova, Rada"]
[Result "1/2-1/2"]
[ECO "B33"]
[WhiteElo "1621"]
[BlackElo "2048"]
[Annotator "NA"]
[PlyCount "132"]
[EventDate "2021.03.25"]
[EventType "swiss"]
[EventCountry "RUS"]
[SourceTitle "playchess.com"]
[Source "ChessBase"]
[SourceQuality "1"]
[TimeControl "5400+30"]

1. e4 c5 2. Nf3 Nc6 3. d4 cxd4 4. Nxd4 Nf6 5. Nc3 e5 6. Ndb5 d6 7. Bg5 a6 8. Na3 b5 9. Nd5 Be7 10. Bxf6 Bxf6 11. c3 O-O 12. Nc2 Bg5 13. a4 bxa4 14. Rxa4 a5 15. Bc4 Rb8 16. b3 Kh8 17. O-O f5 18. exf5 Bxf5 19. Nce3 Bg6 20. Qg4 e4 21. h4 Bh6 22. Rd1 Ne5 23. Qg3 Be8 24. Ra3 a4 25. b4 Bc6 26. Rd4 Qd7 27. Be2 Qa7 28. b5 Bxb5 29. Bxb5 Rxb5 30. Rdxa4 Qf7 31. Ra7 Rb7 32. Ra8 Rbb8 33. R8a4 Nd3 34. Ra2 Nc1 35. Rc2 Rb1 36. Qxd6 Ne2+ 37. Kh2 Qxf2 38. Qxf8+ Qxf8 39. Rxe2 Bxe3 40. Nxe3 h6 41. Rxe4 Qd6+ 42. g3 Qd3 43. Ng2 Qxc3 44. Re8+ Kh7 45. h5 Qf3 46. R8e5 Rf1 47. R2e3 Qf2 48. Re2 Qg1+ 49. Kh3 Rf7 50. Re1 Qf2 51. Nf4 Qf3 52. R5e3 Qc6 53. Re5 Qc8+ 54. Kh4 Qc2 55. R1e2 Qc1 56. Re1 Qd2 57. R1e2 Qd1 58. Re1 Qd2 59. R1e2 Rxf4+ 60. gxf4 Qxf4+ 61. Kh3 Qf1+ 62. Kh2 Qf3 63. R2e3 Qf4+ 64. Kh3 Qf6 65. Re2 Qc6 66. Kh2 Qf6 1/2-1/2